Mushanokouji Narinaka, lawful male human Samurai |.| |.| |.--- ---|%..-- .| --.--....-- D---.--- |....(....-- --.--...--- |...<.|....| |..@......-----..----.|.| --.....|....%*...... ..|-- |......|------------ --- |...&..| --.--*-- ------ Mushanokouji Narinaka the Ninja Experience level: 8 Strength: 15 Dexterity: 15 Constitution: 16 Intelligence: 9 Wisdom: 11 Charisma: 7 Health: 0(79) Energy: 27(27) Def: 10 Gold: 19 Moves: 10190 Dungeon seed: X9tVynh6wjy1j1Ty Game ID: Mushanokouji Narinaka_1513780584 Your Inventory: Coins $ - 19 gold pieces Weapons c - an uncursed +0 yumi (alternate weapon; not wielded) d - 30 uncursed +0 ya y - 11 uncursed +2 arrows (in quiver) z - an uncursed corroded +0 katana (weapon in hand) Armor e - an uncursed rustproof +0 splint mail (being worn) n - an uncursed +0 elven leather helm (being worn) r - a blessed +1 orcish shield (being worn) N - an uncursed +0 elven cloak (being worn) Comestibles k - an uncursed tripe ration B - an uncursed partly eaten gunyoki E - an uncursed lizard corpse J - an uncursed clove of garlic Scrolls G - an uncursed scroll of earth Amulets j - an uncursed amulet of reflection (being worn) Wands D - an uncursed wand of striking (0:1) I - an uncursed wand of digging (0:3) K - an uncursed wand of undead turning (0:5) O - an uncursed wand of cancellation (0:5) Tools a - a blessed bag of holding o - an uncursed skeleton key p - an uncursed bag of tricks (0:8) t - an uncursed magic whistle u - an uncursed brass lantern (lit) (0:976) w - an uncursed blindfold T - an uncursed tin whistle Contents of the bag of holding: 3457 gold pieces 3 uncursed +0 arrows an uncursed +0 mummy wrapping an uncursed banana an uncursed cram ration an uncursed giant spider egg 4 uncursed eggs an uncursed fortune cookie 7 uncursed gunyoki an uncursed lizard corpse an uncursed tripe ration an uncursed potion of acid an uncursed potion of blindness an uncursed potion of confusion a blessed potion of fruit juice a cursed potion of fruit juice an uncursed potion of gain ability an uncursed potion of hallucination 5 potions of holy water an uncursed potion of invisibility an uncursed potion of levitation a blessed potion of object detection 2 uncursed potions of object detection an uncursed potion of oil a potion of unholy water an uncursed potion of water a cursed scroll of blank paper 2 uncursed scrolls of create monster a cursed scroll of destroy armor an uncursed scroll of earth a cursed scroll of food detection an uncursed scroll of genocide a cursed scroll of gold detection a blessed scroll of identify 3 uncursed scrolls of identify an uncursed scroll of magic mapping a cursed scroll of teleportation a cursed amulet of change an uncursed amulet of life saving an uncursed amulet versus poison a cursed ring of cold immunity an uncursed ring of shock immunity an uncursed ring of slow digestion an uncursed ring of sustain ability an uncursed ring of warning an uncursed wand of create monster (0:8) an uncursed wand of create monster (0:3) an uncursed wand of create monster (0:2) an uncursed wand of magic missile (0:5) an uncursed wand of secret door detection (0:10) a cursed wand of secret door detection named no message (0:14) an uncursed wand of slow monster (0:4) an uncursed wand of speed monster (0:5) an uncursed wand of striking (0:7) an uncursed mirror an uncursed oil lamp (0:1333) an uncursed +0 pick-axe an uncursed tinning kit (0:35) 7 uncursed wax candles (0:400) Spells and supernatural/magical abilities: Spells marked with '*' are forgotten. Spells marked with '!' are maintained. Spells marked with '#' are aliased with 'castalias'. Name Level Category Fail Memory W - pray for help -- divine ? -- Your skills at the end: Fighting Skills martial arts [Basic] wands [Basic] Weapon Skills short sword [Basic] long sword [Expert] bow [Basic] Spellcasting Skills Final Attributes: You were stealthy. You were fast. You had reflection. You last prayed 1365 turns ago. You are dead. Vanquished creatures: 2 giant mimics an air elemental 3 small mimics a xan a gelatinous cube a pyrolisk a flaming sphere a red naga 2 ettin zombies a leather golem 2 chameleons a crocodile a giant beetle 2 wolves 2 winter wolf cubs a panther a leprechaun 2 giant spiders a black light 6 gnome kings an orc mummy an ogre an owlbear 2 gold golems a werewolf 2 lizards 2 dingos a housecat a dust vortex 3 gnome mummies 2 snakes 2 rope golems 2 Woodland-elves 4 soldier ants 4 fire ants 3 bugbears 2 imps a wood nymph 3 water nymphs a mountain nymph 4 Mordor orcs 4 Uruk-hai 2 rock piercers 2 rock moles 2 fog clouds 2 yellow lights 3 shriekers 16 gnome lords 4 gnomish wizards a kobold mummy a red naga hatchling a black naga hatchling a gray ooze a floating eye a dwarf 2 kobold lords 2 kobold shamans 10 hill orcs 6 rothes 2 rabid rats 6 monkeys 2 orc zombies a dwarf zombie 3 werejackals 2 iguanas 3 killer bees 5 acid blobs 10 coyotes 2 gas spores 2 hobbits 2 manes 2 hobgoblins 3 giant rats 6 cave spiders 2 brown molds 6 yellow molds 4 green molds 4 red molds 55 gnomes 6 garter snakes 4 gnome zombies 7 geckos 21 jackals 3 foxes 3 goblins 8 sewer rats 4 grid bugs 2 bats 9 lichens 3 kobold zombies 9 newts 338 creatures vanquished. Voluntary challenges: You used a wielded weapon 614 times, starting on turn 32. You read items or engraved 9 times, starting on turn 1331. You never genocided any monsters. You never polymorphed an object. You never changed form. You used no wishes. You never split a pudding. You wrote Elbereth's name 4 times, starting on turn 4955. You never violated your personal moral code. Dungeon overview: The Dungeons of Doom: levels 1 to 12 Level 1 a fountain, a vault a long staircase Level 2 a vault Level 3 an altar to Amaterasu Omikami, a fountain, a vault stairs to The Gnomish Mines Level 4 a general store, a fountain, a vault Level 5 Level 6 Level 7 many fountains Level 8 some fountains, a sink stairs to Sokoban Level 9 some fountains Level 10 a fountain Level 11 a general store, a fountain Level 12 a fountain The Gnomish Mines: levels 4 to 11 Level 4 stairs to The Dungeons of Doom Level 5 Level 6 many shops, a temple to Susanowo, some fountains, a sink Level 7 Level 8 Level 9 Level 10 Level 11 <- You were here Sokoban: levels 4 to 7 Level 4 Level 5 Level 6 Level 7 stairs to The Dungeons of Doom History has recorded: On T:1 you entered the Dungeons of Doom to retrieve the Amulet of Yendor! On T:168 you reached level 2 of The Dungeons of Doom. On T:367 you advanced to experience level 2. On T:395 you reached level 3 of The Dungeons of Doom. On T:720 you reached level 1 of The Gnomish Mines. On T:742 you advanced to experience level 3. On T:813 you advanced to experience level 4. On T:1051 you reached level 2 of The Gnomish Mines. On T:1059 you advanced to experience level 5. On T:1338 you reached level 3 of The Gnomish Mines. On T:1447 you advanced to experience level 6. On T:1970 you reached level 4 of The Gnomish Mines. On T:2157 you reached level 4 of The Dungeons of Doom. On T:2248 you advanced to experience level 7. On T:2358 you reached level 5 of The Dungeons of Doom. On T:2663 you reached level 6 of The Dungeons of Doom. On T:2769 you reached level 7 of The Dungeons of Doom. On T:3052 you reached level 8 of The Dungeons of Doom. On T:3256 you reached level 4 of Sokoban. On T:3790 you reached level 9 of The Dungeons of Doom. On T:4030 you reached level 3 of Sokoban. On T:5131 you advanced to experience level 8. On T:5158 you reached level 2 of Sokoban. On T:5550 you reached level 1 of Sokoban. On T:6909 you reached level 10 of The Dungeons of Doom. On T:7521 you reached level 11 of The Dungeons of Doom. On T:7798 you reached level 12 of The Dungeons of Doom. On T:8248 you advanced to experience level 9. On T:9222 you reached level 5 of The Gnomish Mines. On T:9483 you reached level 6 of The Gnomish Mines. On T:9735 you reached level 7 of The Gnomish Mines. On T:10141 you reached level 8 of The Gnomish Mines. Score breakdown: Gold: 3476 (12045 points) Experience: 8 levels (14739 points) Exploration: 12 levels ( 24.49%) (14361 points) Discoveries: 22 items ( 8.84%) ( 8917 points) Valuables value: (no points given unless you survive) Artifact value: 0 ( 0 points) Variety of kills: 91 monsters ( 23.95%) (14680 points) Turncount: 10190 turns (-2406 points) Survival: died (score multiplied by 80%) Total score: 49868 Latest messages: You stop exploring. You kill the gnome! There are a few objects here. The gnome misses. Please move the cursor to an unknown object. Done. The gnome picks up 5 daggers from the floor. The gnome wields a dagger! You kill the gnome! There are a few objects here. The green dragon breathes a poisonous cloud! The poison cloud hits you! The poison cloud is disrupted by your amulet! You are caught in the poison gas cloud! (2x) The green dragon breathes a poisonous cloud! The poison cloud hits you! The poison cloud is disrupted by your amulet! You are caught in the poison gas cloud! (3x) The green dragon is caught in the poison gas cloud! You are caught in the poison gas cloud! Final status: Sayonara Mushanokouji Narinaka the Samurai, killed by a green dragon's poison gas cloud... You died in The Gnomish Mines on dungeon level 11 with 49868 points, and 3476 pieces of gold, after 10190 moves. You were level 8 with a maximum of 79 hit points when you died.